 Dungeon Crawl Stone Soup version 0.31-a0-600-g62dffe198b (webtiles) character file.

Game seed: 4540440134112793009

94 AdnanSaban the Covered (level 4, -3/29 HPs)
             Began as a Gargoyle Fighter on Aug 21, 2023.
             Killed by divine providence
             ... invoked by an orc priest
              (10 damage)
             ... on level 3 of the Dungeon.
             The game lasted 00:01:12 (1867 turns).

AdnanSaban the Covered (Gargoyle Fighter)           Turns: 1867, Time: 00:01:12

Health: -3/29      AC: 10    Str: 22    XL:     4   Next: 63%
Magic:  4/4        EV:  9    Int:  8    God:
Gold:   48         SH:  4    Dex:  9    Spells: 3/3 levels left

rFire   . . .        a - +0 flail
rCold   . . .        c - +0 buckler
rNeg    + . .        b - +0 scale mail
rPois   ∞            (no helmet)
rElec   +            (no cloak)
rCorr   .            (no gloves)
SInv    .            (no boots)
Will    .....        (no amulet) Stlth
                     (no ring)
HPRegen 0.24/turn    (no ring)
MPRegen 0.09/turn

%: no passive effects
@: no status effects
A: sickness immunity, AC +3, negative energy resistance 1, electricity
resistance, torment resistance 1, petrification resistance
a: no special abilities


You were on level 3 of the Dungeon.
You visited 1 branch of the dungeon, and saw 3 of its levels.

You collected 48 gold pieces.

Inventory:

Hand Weapons
 a - a +0 flail (weapon)
Armour
 b - a +0 scale mail (worn)
 c - a +0 buckler (worn)
Jewellery
 j - an amulet of the acrobat
 o - a +5 ring of evasion
Scrolls
 e - 2 scrolls of immolation
 f - 4 scrolls of identify {unknown}
 g - 3 scrolls of silence {unknown}
 h - a scroll of summoning {unknown}
 k - a scroll of enchant weapon {unknown}
 l - a scroll of teleportation {unknown}
 m - 2 scrolls of poison {unknown}
Potions
 d - 3 potions of might
 i - a potion of lignification {unknown}
 n - a potion of haste {unknown}
 p - a potion of brilliance {unknown}
 q - a potion of cancellation {unknown}


   Skills:
 + Level 3.8 Fighting
 + Level 3.1 Maces & Flails
 + Level 4.1 Armour
 + Level 0.4 Dodging
 + Level 3.8 Shields


You had 3 spell levels left.
You didn't know any spells.
Your spell library contained the following spells:

 Spells                   Type           Power      Damage    Failure   Level
 Kiss of Death            Conj/Necr      0%         2d5       80%         1
 Confusing Touch          Hex            0%         N/A       99%         3
 Inner Flame              Hex/Fire       0%         N/A       99%         3
 Dispel Undead            Necr           0%         3d6       100%        4
 Yara's Violent Unravell  Hex/Tmut       0%         3d3       100%        5
 Enfeeble                 Hex            0%         N/A       100%        7


Dungeon Overview and Level Annotations

Branches:
Dungeon (3/15)

Altars:
Ashenzari
Fedhas
Kikubaaqudgha
Nemelex Xobeh
Ru
Trog
Uskayaw
Yredelemnul


Innate Abilities, Weirdness & Mutations

You are immune to sickness and miasma.
Your stone body is resilient. (AC +3)
You are immune to poison.
You resist negative energy. (rN+)
You are resistant to electric shocks. (rElec)
You are resistant to unholy torment.
You are immune to petrification.


Message History

The orc hits you but does no damage.
An orc priest comes into view. It is wielding a +0 hand axe.
You sock the orc!
You kill the orc!
The orc priest mumbles some strange prayers to Beogh against you.
Beogh smites you!
Things that are here:
a +0 club; a +0 leather armour You hit the orc.
The orc is lightly wounded.
The orc closely misses you.
You hit the orc.
The orc is severely wounded.
The orc barely misses you. The orc hits you but does no damage.
The orc hits you with a +0 dagger.
The orc priest invokes the aid of Beogh against you.
Beogh smites you!
You are too injured to fight recklessly!
You are too injured to fight recklessly!
You are too injured to fight recklessly!
You are too injured to fight recklessly!
You are too injured to fight recklessly!
You are too injured to fight recklessly!
You are too injured to fight recklessly!
You are too injured to fight recklessly!
You are too injured to fight recklessly!
You are too injured to fight recklessly!
You are too injured to fight recklessly!
You are too injured to fight recklessly!
You are too injured to fight recklessly!
You are too injured to fight recklessly!
You are too injured to fight recklessly!
You are too injured to fight recklessly!
Unknown command.
The orc hits you with a +0 hand axe.
* * * LOW HITPOINT WARNING * * *
The orc priest looks satisfied for a moment.
The orc priest mumbles some strange prayers to Beogh against you.
Beogh smites you!
You die...

...# ...## #####....(...
[...# #.......)....
###.#####...........#
........#.........).#
....##..............######
######..#............?....
###.....#.....>...........
##......#.......@oooo.....
##......#.....).##########
##†####.#.......#
##......####.############## #
##.#.........##...........#.#
####.##########.............
# #.#####................# #
#.#.....~~~...#.....########
#
#.#)..~~~~≈≈~...##..........


You could see 2 orc priests and 2 orcs.

Vanquished Creatures
  4 adders (D:2)
  3 dart slugs
  2 orcs (D:3)
  4 ball pythons (D:2)
  3 bats
  3 endoplasms
  3 giant cockroaches
  8 hobgoblins
  4 jackals
  3 quokkas
  3 frilled lizards
  2 kobolds
  5 rats
47 creatures vanquished.

Notes
Turn   | Place    | Note
-------+----------+-------------------------------------------
     0 | D:1      | AdnanSaban the Gargoyle Fighter began the quest for the
                  | Orb.
     0 | D:1      | Reached XP level 1. HP: 14/14 MP: 1/1
   151 | D:1      | Reached XP level 2. HP: 16/19 MP: 2/2
   242 | D:1      | Found a faded altar of an unknown god.
   838 | D:2      | Reached XP level 3. HP: 21/23 MP: 3/3
   981 | D:2      | Reached skill level 4 in Armour
  1064 | D:2      | Reached XP level 4. HP: 26/29 MP: 4/4
  1416 | D:3      | Found a blossoming altar of Fedhas.
  1542 | D:3      | Found a bloodstained altar of Trog.
  1547 | D:3      | Found a hide-covered altar of Uskayaw.
  1549 | D:3      | Found a basalt altar of Yredelemnul.
  1549 | D:3      | Found a broken altar of Ashenzari.
  1549 | D:3      | Found a sparkling altar of Nemelex Xobeh.
  1551 | D:3      | Found a sacrificial altar of Ru.
  1554 | D:3      | Found an ancient bone altar of Kikubaaqudgha.
  1867 | D:3      | Killed from afar by an orc priest

Illustrated notes

Levels and vault maps discovered:
D:1:      heliophobic_arrival_henge, layout_loops_ring,
          hellmonk_ecumenical_altar_blasted
D:2:      layout_loops_ring
D:3:      layout_basic, fedhas_ov_isle_minmay, minitemple

Skill      XL: |  1  2  3  4 |
---------------+-------------+-----
Armour         | 4 |  4.1
Maces & Flails | 3 |  3.1
Fighting       | |  3.8
Dodging        | |  0.4
Shields        | |  3.8

Action                     |  1- 3 |  4- 6 || total
---------------------------+-------+-------++-------
  Melee: Flail             |    94 |    80 ||   174
 Armour: Scale mail        |    50 |    41 ||    91
  Dodge: Dodged            |    43 |    35 ||    78
  Block: Buckler           |    23 |    14 ||    37

Table legend: (Time is in decaauts)
 A = Elapsed time spent in this place.
 B = Non-inter-level travel time spent in this place.
 C = Inter-level travel time spent in this place.
 D = Time resting spent in this place.
 E = Time spent auto-exploring this place.
 F = Levels seen in this place.
 G = Mean time per level.
                   A        B        C        D        E       F      G
               +--------+--------+--------+--------+--------+-----+--------+
         Total |   1920 |   1884 |     36 |      0 |   1499 |   3 |  640.0 |
       Dungeon |   1920 |   1884 |     36 |      0 |   1499 |   3 |  640.0 |
               +--------+--------+--------+--------+--------+-----+--------+

Top non-repeatable levels by time:
     D:1: 759 daAuts
     D:2: 672 daAuts
     D:3: 488 daAuts
